 Dungeon Crawl Stone Soup version 0.25-a0-420-g1cc7eeb0d1 (webtiles) character file.

Game seed: 6272033656352306575, levelgen mode: deterministic

1265 tilp the Magician (level 8, -6/87 HPs)
             Began as a Gnoll Wizard on Jan 18, 2020.
             Was an Initiate of Cheibriados.
             Mangled by an orc warrior
             ... wielding a +0 halberd
              (16 damage)
             ... on level 7 of the Dungeon.
             The game lasted 00:13:56 (7719 turns).

tilp the Magician (Gnoll Wizard)                    Turns: 7719, Time: 00:13:57

Health: -6/87      AC: 24    Str: 10    XL:     8   Next: 52%
Magic:  12/19      EV:  2    Int: 25    God:    Cheibriados [......]
Gold:   448        SH:  0    Dex: 14    Spells: 9/22 levels left

rFire    . . .     SeeInvis .   a - +0 trident
rCold    . . .     Gourm    .   (no shield)
rNeg     + + +     Faith    .   (armour currently unavailable)
rPois    +         Spirit   .   (helmet currently unavailable)
rElec    .         Reflect  .   (cloak currently unavailable)
rCorr    .         Harm     .   (gloves currently unavailable)
MR       .....     NoTele   +   (boots currently unavailable)
Stlth    +++.......             (no amulet)
HPRegen  0.24/turn              (no ring)
MPRegen  0.16/turn              (no ring)

@: tree-form, very slow
A: distributed training, strong nose
a: Bend Time, Renounce Religion


You were on level 7 of the Dungeon.
You worshipped Cheibriados.
Cheibriados was noncommittal.
You were hungry.
You were a tree.
You visited 2 branches of the dungeon, and saw 8 of its levels.

You collected 448 gold pieces.

Inventory:

Hand Weapons
 a - a +0 trident (weapon)
 b - a +0 hunting sling
 t - a +2 flail of draining
 C - a +2 dagger of venom
 G - a +2 spear of flaming
 K - a +0 shortbow
Missiles
 f - 40 sling bullets
 h - 61 arrows
 j - 157 stones
 m - 35 poisoned darts (quivered)
 r - 26 bolts
 v - 7 javelins
 y - 6 boomerangs
Armour
 k - a +2 pair of gloves (melded)
 p - a cursed +0 leather armour (melded)
 u - a +0 helmet (melded)
 B - the cursed +1 leather armour of Nobility {Dex+2, unknown}
   (You found it on level 4 of the Dungeon)

   It affects your dexterity (+2).
   It has a curse placed upon it.
Magical Staves
 F - an uncursed staff of earth {unknown}
Wands
 D - a wand of acid (6)
 E - a wand of scattershot (5)
 J - a wand of iceblast (9)
Scrolls
 c - a scroll of magic mapping
 g - a scroll of teleportation
 l - 2 scrolls of blinking {unknown}
 s - a scroll of immolation {unknown}
 w - a scroll of amnesia {unknown}
 A - 2 scrolls of fear
 H - a scroll of enchant armour {unknown}
 I - a scroll of remove curse {unknown}
 L - a scroll of torment {unknown}
 M - a scroll of identify
Potions
 e - 2 potions of flight
 i - 2 potions of curing
 n - 2 potions of lignification
 o - 2 potions of brilliance {unknown}
 q - a potion of haste {unknown}
 x - 2 potions of invisibility {unknown}
 z - a potion of heal wounds {unknown}
Comestibles
 d - 14 rations


   Skills:
 + Level 3.3 Fighting
 + Level 3.3 Short Blades
 + Level 3.3 Long Blades
 + Level 3.3 Axes
 + Level 3.3 Maces & Flails
 + Level 3.3 Polearms
 + Level 3.3 Staves
 + Level 3.3 Slings
 + Level 3.3 Bows
 + Level 3.3 Crossbows
 + Level 3.3 Throwing
 + Level 3.3 Armour
 + Level 5.7 Dodging
 + Level 5.4 Stealth
 + Level 3.3 Shields
 + Level 3.3 Unarmed Combat
 + Level 7.9 Spellcasting
 + Level 3.5 Conjurations
 + Level 2.6 Hexes
 + Level 2.6 Charms
 + Level 3.5 Summonings
 + Level 2.6 Necromancy
 + Level 3.5 Translocations
 + Level 2.6 Transmutations
 + Level 2.6 Fire Magic
 + Level 2.6 Ice Magic
 + Level 2.6 Air Magic
 + Level 2.6 Earth Magic
 + Level 2.6 Poison Magic
 + Level 3.6 Invocations
 + Level 3.3 Evocations


You had 9 spell levels left.
You knew the following spells:

 Your Spells              Type           Power        Failure   Level  Hunger
a - Magic Dart            Conj           ####         1%          1    None
b - Blink                 Tloc           N/A          2%          2    None
c - Call Imp              Summ           ####....     2%          2    None
d - Slow                  Hex            ###.....     3%          2    None
e - Conjure Flame         Conj/Fire      ####....     4%          3    None
f - Mephitic Cloud        Conj/Pois/Air  ###.....     5%          3    None

Your spell library contained the following spells:

 Spells                   Type           Power        Failure   Level  Hunger


Dungeon Overview and Level Annotations

Branches:
Dungeon (7/15)             Temple (1/1) D:6

Altars:
Ashenzari
Cheibriados
Dithmenos
Elyvilon
Fedhas
Hepliaklqana
Kikubaaqudgha
Makhleb
Nemelex Xobeh
Okawaru
Qazlal
Ru
Sif Muna
Trog
Uskayaw
Vehumet
Wu Jian
Xom
Yredelemnul
Zin


Innate Abilities, Weirdness & Mutations

Your experience applies equally to all skills.
((You have very sharp teeth.))
Your uncanny sense of smell can sniff out nearby items.


Message History

Unknown command.
Attack whom?
Press: ? - help, Dir - move target cursor, f/p - orc warrior
Aim: an orc warrior, wielding a +0 halberd and wearing a +0 chain mail (almost dead)
The orc wizard is in the way.
You hit the orc wizard.
You bite the orc wizard, but do no damage.
The orc wizard is heavily wounded.
The orc is engulfed in noxious fumes.
The orc appears confused.
The orc misses you.
The orc wizard is engulfed in noxious fumes.
The orc wizard appears confused.
The orc warrior closely misses you.
It was a potion of lignification.
You turn into a tree.
Your +0 helmet melds into your body.
Your +2 pair of gloves melds into your body.
Your cursed +0 leather armour melds into your body.
Your roots penetrate the ground.
The orc is engulfed in noxious fumes.
The orc appears confused.
The orc barely misses you.
The orc wizard hits you but does no damage.
The orc warrior hits you from afar with a +0 halberd!
You die...

≈≈≈≈≈≈≈≈≈≈....
≈≈≈≈≈≈≈≈≈.....
.≈≈≈≈≈≈≈......
...≈≈≈.......
..........##+#
..###.....#..+ ..#
##....#..# #######
..####....#..##+##....((.
.......#'##..##o♣#..(.oo.
.......+.....#.o○#.o...o.
.......#.....'..o#......o
.......#.....##.5°.......
.......#'######..#.......
.......+.....##..#.......
.......#...[.##+#########
.......#.....#
##+###########


You could see an orc warrior, an orc wizard (confused), a crimson imp and an orc
(confused).

Vanquished Creatures
  Eustachio (D:5)
  Duvessa (D:6)
  A sky beast (D:2)
  An ogre (D:6)
  A centaur (D:7)
  2 bullfrogs
  A scorpion (D:4)
  Dowan (D:6)
  A crimson imp (D:7)
  A bullfrog zombie (D:6)
  A centaur zombie (D:7)
  An orc priest (D:4)
  2 hounds (D:4)
  2 centaur skeletons
  An orc wizard (D:3)
  2 iguanas
  A worker ant (D:4)
  Terence (D:2)
  Robin (D:2)
  7 adders
  A shadow imp (D:6)
  3 worms
  A dart slug (D:1)
  3 leopard geckos
  3 orcs
  3 bats
  6 giant cockroaches
  29 goblins
  13 hobgoblins
  4 jackals
  3 quokkas
  4 ball pythons
  4 frilled lizards
  8 kobolds
  A leopard gecko skeleton (D:5)
  A quokka zombie (D:6)
  6 rats
123 creatures vanquished.

Vanquished Creatures (collateral kills)
  A black bear (D:6)
1 creature vanquished.

Grand Total: 124 creatures vanquished

Notes
Turn   | Place    | Note
-------+----------+-------------------------------------------
     0 | D:1      | tilp the Gnoll Wizard began the quest for the Orb.
     0 | D:1      | Reached XP level 1. HP: 13/13 MP: 8/8
   190 | D:1      | Reached XP level 2. HP: 18/19 MP: 6/10
   194 | D:1      | Learned a level 2 spell: Blink
   197 | D:1      | Learned a level 2 spell: Call Imp
   200 | D:1      | Learned a level 2 spell: Slow
   748 | D:2      | Noticed Terence
   816 | D:2      | Reached XP level 3. HP: 25/25 MP: 11/11
  1110 | D:2      | Reached skill level 1 in Invocations
  1220 | D:2      | Noticed Robin
  1238 | D:2      | Reached skill level 1 in Fighting
  1238 | D:2      | Reached skill level 1 in Short Blades
  1238 | D:2      | Reached skill level 1 in Long Blades
  1238 | D:2      | Reached skill level 1 in Axes
  1238 | D:2      | Reached skill level 1 in Maces & Flails
  1238 | D:2      | Reached skill level 1 in Polearms
  1238 | D:2      | Reached skill level 1 in Staves
  1238 | D:2      | Reached skill level 1 in Slings
  1238 | D:2      | Reached skill level 1 in Bows
  1238 | D:2      | Reached skill level 1 in Crossbows
  1238 | D:2      | Reached skill level 1 in Throwing
  1238 | D:2      | Reached skill level 1 in Armour
  1238 | D:2      | Reached skill level 1 in Shields
  1238 | D:2      | Reached skill level 1 in Unarmed Combat
  1238 | D:2      | Reached skill level 1 in Evocations
  1245 | D:2      | Noticed a sky beast
  1466 | D:2      | Killed Robin
  1466 | D:2      | Reached XP level 4. HP: 22/32 MP: 5/13
  1696 | D:2      | Killed a sky beast
  1696 | D:2      | Reached skill level 1 in Hexes
  1696 | D:2      | Reached skill level 1 in Charms
  1696 | D:2      | Reached skill level 1 in Necromancy
  1696 | D:2      | Reached skill level 1 in Transmutations
  1696 | D:2      | Reached skill level 1 in Fire Magic
  1696 | D:2      | Reached skill level 1 in Ice Magic
  1696 | D:2      | Reached skill level 1 in Air Magic
  1696 | D:2      | Reached skill level 1 in Earth Magic
  1696 | D:2      | Reached skill level 1 in Poison Magic
  1696 | D:2      | Reached XP level 5. HP: 15/37 MP: 5/14
  2238 | D:2      | Killed Terence
  2479 | D:3      | Learned a level 3 spell: Conjure Flame
  2483 | D:3      | Learned a level 3 spell: Mephitic Cloud
  3360 | D:4      | Reached XP level 6. HP: 42/44 MP: 14/16
  3397 | D:4      | Got a steaming leather armour
  3681 | D:4      | Reached skill level 5 in Dodging
  3983 | D:4      | Found a hazy altar of Hepliaklqana.
  4201 | D:4      | Reached XP level 7. HP: 15/50 MP: 9/18
  4505 | D:4      | Found a hide-covered altar of Uskayaw.
  4548 | D:5      | Entered Level 5 of the Dungeon
  4794 | D:5      | Found a bloodstained altar of Trog.
  4958 | D:5      | Noticed Eustachio
  5288 | D:5      | Killed Eustachio
  5508 | D:5      | Reached skill level 5 in Stealth
  5767 | D:6      | Reached XP level 8. HP: 42/57 MP: 3/19
  5865 | D:6      | Found a glowing silver altar of Zin.
  6244 | D:6      | Found a staircase to the Ecumenical Temple.
  6261 | Temple   | Entered the Ecumenical Temple
  6390 | Temple   | Became a worshipper of Cheibriados the Contemplative
  6965 | D:6      | Noticed Duvessa
  7117 | D:6      | Noticed Dowan
  7129 | D:6      | Killed Dowan
  7134 | D:6      | Killed Duvessa
  7442 | D:7      | Found a sparkling altar of Nemelex Xobeh.
  7672 | D:7      | Found a blossoming altar of Fedhas.
  7719 | D:7      | Mangled by an orc warrior

Levels and vault maps discovered:
D:1:      ncdulo_wetmaze, layout_basic, chequers_serial_rivers_room_a
D:2:      cheibrodos_greedy_goblins, layout_loops_ring, first_ration,
          uniq_robin, uniq_terence
D:3:      layout_loops_ring
D:4:      layout_rooms, lemuel_coloured_pillars_altar, lemuel_crystal_altar
D:5:      layout_layer_cave, trog_butcher_becter, uniq_eustachio
D:6:      layout_layer_cave, overflow_temple_1_default, temple_fountains,
          hangedman_glass_teeth, uniq_duvessa
D:7:      layout_gridville, lemuel_crystal_altar, grunt_ogre_cave,
          fedhas_ov_isle_minmay
Temple:   nicolae_temple_elliptical

Skill      XL: |  1  2  3  4  5  6  7  8 |
---------------+-------------------------+-----
Conjurations   | 2 3 |  3.5
Summonings     | 2 3 |  3.5
Translocations | 2 3 |  3.5
Invocations    | 1 2 3 |  3.6
Fighting       | 1 2 3 |  3.3
Short Blades   | 1 2 3 |  3.3
Long Blades    | 1 2 3 |  3.3
Axes           | 1 2 3 |  3.3
Maces & Flails | 1 2 3 |  3.3
Polearms       | 1 2 3 |  3.3
Staves         | 1 2 3 |  3.3
Slings         | 1 2 3 |  3.3
Bows           | 1 2 3 |  3.3
Crossbows      | 1 2 3 |  3.3
Throwing       | 1 2 3 |  3.3
Armour         | 1 2 3 |  3.3
Shields        | 1 2 3 |  3.3
Unarmed Combat | 1 2 3 |  3.3
Evocations     | 1 2 3 |  3.3
Hexes          | 1 2 |  2.6
Charms         | 1 2 |  2.6
Necromancy     | 1 2 |  2.6
Transmutations | 1 2 |  2.6
Fire Magic     | 1 2 |  2.6
Ice Magic      | 1 2 |  2.6
Air Magic      | 1 2 |  2.6
Earth Magic    | 1 2 |  2.6
Poison Magic   | 1 2 |  2.6
Dodging        | 5 |  5.7
Stealth        | 5 |  5.4
Spellcasting   | |  7.9

Action                   |  1- 3 |  4- 6 |  7- 9 || total
-------------------------+-------+-------+-------++-------
Melee: Club              |     5 |       |       ||     5
       Bite              |    10 |    16 |    22 ||    48
       Spear             |    85 |     8 |       ||    93
       Trident           |       |   227 |   183 ||   410
 Fire: Shortbow          |       |       |    20 ||    20
 Cast: Magic Dart        |    37 |    45 |    33 ||   115
       Call Imp          |       |     4 |     3 ||     7
       Slow              |       |     1 |       ||     1
       Conjure Flame     |       |     1 |       ||     1
       Mephitic Cloud    |       |     3 |     6 ||     9
  Use: Scroll            |       |     6 |     2 ||     8
       Potion            |       |     1 |     1 ||     2
 Stab: Sleeping          |     5 |    10 |     5 ||    20
       Distracted        |       |     1 |       ||     1
       Confused          |       |     5 |     7 ||    12
  Eat: Chunk             |     1 |    10 |    11 ||    22
Armor: Robe              |    22 |    33 |       ||    55
       Leather armour    |       |    40 |    63 ||   103
       Skin              |       |       |     1 ||     1
Dodge: Dodged            |    59 |   165 |   140 ||   364

Table legend:
 A = Non-vault XP
 B = Vault XP
 C = Vault XP percentage of total XP
 D = Non-vault monster count
 E = Vault monster count
 F = Vault count percentage of total count
                 A         B        C        D         E       F
            +---------+---------+-------+---------+---------+-------
      Total |    1371 |     437 |  24.2 |      91 |      33 |  26.6
            +---------+---------+-------+---------+---------+-------
        D:1 |      27 |       2 |   6.9 |      14 |       1 |   6.7
        D:2 |     138 |      86 |  38.4 |      21 |      25 |  54.3
        D:3 |     104 |       0 |   0.0 |      22 |       0 |   0.0
        D:4 |     300 |       0 |   0.0 |      12 |       0 |   0.0
        D:5 |     145 |     205 |  58.6 |       8 |       5 |  38.5
        D:6 |     398 |     144 |  26.6 |       9 |       2 |  18.2
        D:7 |     259 |       0 |   0.0 |       5 |       0 |   0.0
            +---------+---------+-------+---------+---------+-------
